Map: Tempestad

Players

MrFercho

  • Race: Terran Terran
  • Spawn Location: 12:00

tigro

  • Race: Terran Terran
  • Spawn Location: 11:00

IA (Más difícil)

  • Race: Terran Terran
  • Spawn Location: 5:00

IA (Más difícil)

  • Race: Protoss Protoss
  • Spawn Location: 7:00

IA (Más difícil)

  • Race: Protoss Protoss
  • Spawn Location: 1:00

VOD

Have the link to the VOD?

Description

Time

  • Played on: Nov. 19, 2018, 11:55 a.m.
  • Length: 38:41
Show
View Real Time Build Order
Export as new Build Order

MrFercho Terran 

Build Orders:  

Get SALT Encoding   

  12  0:03  SCV  
  13  0:18  Supply Depot  
  13  0:26  Refinery  
  13  0:48  Barracks  
  13  0:52  Engineering Bay  
  13  0:53  SCV  
  14  1:05  SCV  
  15  1:21  Refinery  
  15  1:24  SCV  
  16  1:36  SCV  
  17  1:46  Supply Depot  
  17  1:48  SCV  
  18  1:55  Marine  
  18  2:00  SCV  
  20  2:12  Marine, SCV  
  22  2:29  Missile Turret  
  22  2:30  Marine, Missile Turret  
  23  2:39  Factory  
  23  2:44  SCV  
  23  2:48  Marine  
  25  2:54  Supply Depot  
  25  2:56  SCV  
  26  3:06  Marine  
  26  3:08  SCV  
  28  3:20  SCV  
  29  3:30  Hi-Sec Auto Tracking  
  29  3:32  SCV  
  30  3:36  Factory Tech Lab  
  30  3:38  Barracks Tech Lab  
  30  3:47  Orbital Command  
  30  4:01  Armory  
  30  4:07  Starport  
  30  4:21  Missile Turret  
  30  4:27  Terran Infantry Armor Level 1  
  30  4:42  Missile Turret, Siege Tank  
  33  4:49  Sensor Tower  
  33  5:21  Command Center, Refinery x2  
  33  5:22  Fusion Core  
  33  5:44  SCV  
  33  5:49  Sensor Tower  
  34  5:56  SCV  
  35  6:08  SCV  
  36  6:20  SCV  
  36  6:23  Starport Tech Lab  
  37  6:32  Thor, SCV  
  44  6:36  Orbital Command  
  44  6:42  Supply Depot  
  44  6:47  SCV  
  45  6:59  SCV  
  46  7:04  Supply Depot  
  48  7:08  Marauder  
  48  7:11  SCV  
  49  7:20  Cyclone  
  52  7:23  SCV  
  52  7:26  Supply Depot  
  55  7:30  Marauder  
  55  7:31  Medivac  
  55  7:35  SCV  
  58  7:48  Supply Depot  
  58  7:50  Marine  
  59  8:01  Banshee  
  59  8:03  Barracks  
  62  8:08  Marine  
  63  8:13  Cyclone  
  66  8:34  Weapon Refit  
  66  8:35  SCV x2  
  68  8:45  Siege Tank  
  68  8:47  SCV x2  
  73  8:52  Barracks  
  73  8:59  SCV x2  
  73  9:01  Barracks Tech Lab  
  75  9:18  Hellion, Marine  
  75  9:23  Terran Infantry Weapons Level 1  
  78  9:28  Terran Ship Weapons Level 1  
  78  9:36  Marine  
  79  9:39  Hellion  
  81  9:52  Supply Depot  
  81  9:54  Marine  
  81  9:58  Supply Depot  
  82  10:00  Supply Depot  
  82  10:03  Supply Depot  
  82  10:12  Marine  
  83  10:18  Barracks Tech Lab  
  83  10:30  Marine  
  83  10:33  Factory  
  84  11:04  Starport  
  84  11:06  Viking, Starport  
  86  11:16  Terran Infantry Armor Level 2  
  86  11:23  Factory, Terran Vehicle Weapons Level 1  
  86  11:31  Missile Turret  
  86  11:32  Missile Turret  
  86  11:33  Missile Turret  
  86  11:36  Viking  
  86  11:37  Missile Turret  
  88  12:06  Viking  
  81  12:36  Viking  
  83  13:05  Viking  
  82  13:17  Terran Vehicle And Ship Armor Level 1  
  78  13:24  Missile Turret  
  78  13:26  Missile Turret  
  62  13:32  Neosteel Frame  
  55  13:38  Marine x2  
  57  13:42  Starport Tech Lab x2  
  57  13:43  Missile Turret  
  57  13:47  Factory Tech Lab x2  
  57  13:53  Cyclone  
  58  13:56  Marine x2  
  53  14:14  Marine  
  43  14:25  Cyclone  
  43  14:28  Banshee x2  
  43  14:29  Viking  
  46  14:51  Neosteel Armor  
  49  14:52  Cyclone  
  49  14:53  Cyclone  
  49  14:57  Cyclone  
  49  14:59  Viking  
  52  15:11  Viking x2  
  56  15:25  Cyclone x2  
  62  15:29  Thor  
  68  15:54  Command Center  
  68  15:57  Cyclone x2  
  74  16:12  Thor  
  80  16:19  Rapid Fire Launchers  
  80  16:23  Infernal Pre-Igniter  
  80  16:29  Cyclone x2  
  86  17:06  Cyclone x2  
  77  18:05  Barracks  
  77  18:07  Barracks  
  77  18:11  Liberator  
  77  18:12  Liberator  
  77  18:24  Raven  
  85  18:47  Orbital Command  
  85  19:07  Banshee  
  88  19:11  Banshee  
  91  19:23  Hellion, Hellbat  
  97  19:24  Hellbat  
  97  19:35  Hellion  
  97  19:44  Siege Tank x2  
  97  19:45  Siege Tank  
  106  19:48  Supply Depot  
  106  19:49  Supply Depot  
  106  19:50  Supply Depot  
  106  19:51  Supply Depot  
  106  19:52  Supply Depot  
  57  23:10  Marauder x2  
  61  23:31  Marauder x2  
  65  23:52  Marauder  
  65  23:53  Hellbat  
  65  23:54  Hellbat, Siege Tank  
  72  24:14  Siege Tank  
  72  24:15  Cyclone  
  78  24:26  Cyclone  
  81  24:47  Cyclone x2  
  87  24:59  Cyclone  
  87  25:00  Command Center  
  87  25:06  Refinery  
  34  26:35  Siege Tank x2  
  34  26:36  Cyclone  
  43  26:44  Marine x2  
  45  27:01  Marine  
  45  27:02  Marine  
  45  27:05  Medivac x2  
  45  27:07  Medivac, Cyclone  
  55  27:19  Marine x2  
  41  27:37  Marine x2  
  6  29:44  Marine  
  7  30:24  Banshee  
  10  30:49  Marine x3  
  12  30:55  Medivac  
  12  30:56  Medivac  
  15  31:06  Medivac  
  15  31:07  Marine x3  
  20  31:25  Marine x3  
  23  31:42  Marine  
  23  31:43  Marine x2  
  26  32:00  Marine x2  
  26  32:01  Marine  
  29  32:18  Marine x2  
Show
View Real Time Build Order
Export as new Build Order

tigro Terran 

Build Orders:  

Get SALT Encoding   

  12  0:06  SCV  
  13  0:16  Supply Depot  
  13  0:19  SCV  
  14  0:38  SCV  
  15  0:48  Refinery  
  15  0:50  SCV  
  15  0:54  Refinery  
  16  1:02  SCV  
  17  1:14  SCV  
  18  1:34  Barracks, SCV  
  19  1:47  SCV  
  20  2:08  Engineering Bay  
  20  2:25  Marine  
  21  2:32  Command Center  
  21  2:38  Terran Infantry Weapons Level 1  
  21  2:41  Supply Depot  
  21  2:43  Marine  
  22  3:00  Marine  
  22  3:03  SCV  
  24  3:18  Marine  
  25  3:30  Missile Turret  
  25  3:36  Marine  
  26  3:44  Orbital Command  
  26  3:55  Refinery  
  26  4:00  SCV  
  27  4:05  Barracks Tech Lab  
  27  4:13  SCV  
  28  4:25  SCV  
  29  4:32  Terran Infantry Armor Level 1  
  29  4:37  SCV  
  30  4:49  SCV  
  31  4:56  Refinery  
  31  4:57  Combat Shield  
  31  5:20  Factory  
  31  5:31  Marauder  
  33  5:37  Planetary Fortress  
  33  5:44  SCV  
  34  5:52  Marauder  
  34  5:56  SCV  
  37  6:06  Ghost Academy  
  37  6:14  Marauder  
  37  6:17  SCV  
  40  6:21  SCV  
  41  6:26  Hi-Sec Auto Tracking  
  41  6:28  Factory Tech Lab  
  41  6:29  SCV  
  42  6:33  SCV  
  42  6:35  Marauder  
  42  6:37  Armory, Stimpack  
  45  6:52  Infernal Pre-Igniter  
  45  7:15  Personal Cloaking  
  45  7:23  Neosteel Frame  
  45  7:36  Supply Depot  
  45  7:57  Terran Ship Weapons Level 1  
  45  7:58  Marauder, Siege Tank  
  50  8:11  Rapid Fire Launchers  
  50  8:17  Concussive Shells  
  50  8:19  Marine  
  51  8:30  Siege Tank  
  54  8:40  Supply Depot  
  54  8:42  Neosteel Armor  
  54  9:01  Marine  
  54  9:02  Siege Tank  
  58  9:19  Marine  
  59  9:29  Drilling Claws  
  59  9:34  Siege Tank  
  62  9:51  Terran Vehicle Weapons Level 1  
  62  9:52  Starport  
  62  10:07  Marine  
  60  10:21  Terran Infantry Weapons Level 2  
  60  10:48  Smart Servos  
  60  10:51  Starport Tech Lab  
  60  10:54  Weapon Refit  
  57  10:59  Fusion Core  
  57  11:21  Missile Turret  
  57  11:29  Viking  
  59  11:49  Missile Turret  
  59  11:59  Banshee  
  62  12:11  Missile Turret  
  62  12:37  Terran Infantry Armor Level 2  
  62  12:39  Supply Depot  
  62  13:01  Medivac, Thor  
  58  13:14  Missile Turret  
  46  13:26  Marauder  
  45  13:31  Banshee  
  48  13:44  Thor  
  48  13:47  Marauder  
  45  14:09  Marauder  
  47  14:14  Battlecruiser  
  43  14:26  Thor  
  43  14:30  Marauder  
  51  14:51  Marauder  
  53  15:12  Marine  
  54  15:18  Viking  
  54  15:30  Marine  
  55  15:45  Missile Turret  
  55  15:55  Refinery  
  55  16:03  Refinery  
  55  16:24  Command Center  
  55  16:49  Supply Depot  
  55  16:55  Thor  
  55  17:07  Marine, Banshee  
  48  17:21  Missile Turret  
  48  17:25  Marine  
  49  17:38  Siege Tank  
  49  17:43  Marauder  
  54  17:51  Battlecruiser  
  60  18:05  Marauder  
  62  18:11  Siege Tank  
  65  18:26  Marauder  
  67  18:43  Siege Tank  
  67  18:47  Marauder  
  72  18:55  Medivac  
  74  18:56  Planetary Fortress  
  74  19:05  Nuke  
  74  19:08  Marine  
  75  19:15  Siege Tank  
  78  21:13  Refinery  
  78  21:30  Medivac, Marine  
  33  21:47  Marine  
  31  22:00  Battlecruiser  
  37  22:05  Ghost  
  39  22:41  Marine  
  40  22:46  Siege Tank  
  43  22:59  Marine  
  44  23:06  SCV  
  45  23:16  Marine  
  45  23:18  Siege Tank  
  49  23:34  Marine  
  50  23:50  Siege Tank  
  50  23:52  Marine  
  54  24:22  Siege Tank  
  28  25:29  Marine  
  28  25:34  Medivac  
  31  25:39  Siege Tank  
  34  25:47  Marine  
  35  26:05  Marine  
  36  26:14  Barracks  
  36  26:23  Marine  
  36  26:25  Starport  
  37  26:26  Medivac  
  39  26:41  Marine  
  40  26:56  Medivac  
  40  26:58  Marine  
  43  27:08  Barracks Tech Lab  
  43  27:16  Marine  
  44  27:26  Medivac  
  41  27:34  Marine  
  30  27:39  Marine  
  29  27:52  Marine  
  29  27:56  Medivac  
  29  27:57  Marine  
  33  28:10  Marine  
  34  28:14  Marine  
  35  28:26  Medivac  
  37  28:27  Marine  
  37  28:32  Marine  
  39  28:45  Marine  
  40  28:50  Marine  
  41  28:56  Medivac  
  43  29:03  Marine  
  43  29:08  Marine  
  31  29:21  Marine  
  32  29:26  Medivac, Marine  
  35  29:33  Medivac  
  37  29:39  Marine  
  37  29:44  Marine  
  39  29:57  Marine  
  40  30:01  Marine  
  41  30:14  Marine  
  41  30:19  Marine  
  43  30:32  Marine  
  44  30:37  Marine  
  45  30:50  Marine  
  45  30:55  Marine  
  47  31:08  Marine  
  48  31:13  Marine  
  49  31:26  Marine  
  49  31:30  Marine  
  51  31:43  Marine  
  52  31:48  Marine  
  53  32:01  Marine  
  53  32:06  Marine  
  55  32:19  Marine  
  56  32:24  Marine  
  57  32:37  Marine  
  57  32:42  Marine  
  59  32:52  Medivac  
  59  32:55  Marine  
  62  32:59  Marine  
  63  33:12  Marine  
  63  33:17  Marine  
  54  33:30  Marine  
  50  33:35  Marine  
  47  33:48  Marine  
  31  33:53  Marine  
  6  34:14  Marine  
  7  34:18  Marine  
  8  34:32  Marine  
  8  34:36  Marine  
  10  34:50  Marine  
  11  34:54  Marine  
  12  35:08  Marine  
  12  35:11  Marine  
  14  35:26  Marine  
  15  35:29  Marine  
  16  35:43  Marine  
  16  35:47  Marine  
  18  36:01  Marine  
  19  36:05  Marine  
  20  36:19  Marine  
  20  36:23  Marine  
  22  36:37  Marine  
  23  36:40  Marine  
  24  36:58  Marine  
Show
View Real Time Build Order
Export as new Build Order

IA (Más difícil) Terran 

Build Orders:  

Get SALT Encoding   

  12  0:01  SCV  
  13  0:13  SCV  
  14  0:18  Supply Depot  
  14  0:25  SCV  
  15  0:40  SCV  
  16  0:44  Barracks  
  16  0:49  Refinery  
  16  0:52  SCV  
  18  1:04  SCV  
  18  1:16  SCV  
  19  1:23  Supply Depot  
  19  1:29  SCV  
  19  1:31  Marine  
  21  1:44  Barracks, Orbital Command  
  21  1:51  Barracks Tech Lab, Refinery  
  21  2:08  Factory  
  21  2:09  Marine  
  22  2:27  Marauder  
  24  2:30  Marine  
  24  2:31  Supply Depot  
  25  2:48  Marine  
  25  2:50  Marine  
  27  2:57  Supply Depot, Hellion  
  29  3:06  Marine  
  29  3:11  Marine  
  31  3:23  Marine  
  32  3:29  Marine  
  32  3:30  Supply Depot  
  32  3:34  Hellion  
  35  3:42  Marauder  
  35  3:47  Marine  
  38  3:52  SCV  
  38  3:55  Hellion  
  41  3:56  Supply Depot  
  41  4:03  Marauder  
  41  4:04  SCV  
  44  4:12  Engineering Bay  
  44  4:16  SCV  
  44  4:17  Hellion  
  47  4:25  Marauder  
  47  4:28  SCV  
  49  4:38  Hellion  
  51  4:40  SCV  
  52  4:52  SCV  
  53  5:05  SCV  
  54  5:55  SCV  
  54  6:10  Barracks Tech Lab  
  54  6:11  Terran Infantry Weapons Level 1, Reaper  
  55  6:13  Factory, Factory Tech Lab  
  55  6:22  Supply Depot  
  55  6:25  Starport  
  43  6:27  Starport  
  43  6:28  Marine, Concussive Shells  
  43  6:32  Stimpack  
  41  6:36  Ghost Academy  
  41  6:37  Command Center  
  41  6:42  Marine  
  41  6:46  Reaper  
  43  6:57  Factory Tech Lab  
  43  7:00  Marine  
  44  7:02  Starport Tech Lab  
  44  7:04  Starport Tech Lab  
  44  7:12  Combat Shield  
  44  7:18  Ghost, Marine  
  44  7:21  Raven  
  42  7:35  Marine  
  37  7:47  Marine  
  38  7:53  Marine, SCV  
  41  7:58  SCV  
  41  8:03  Refinery  
  41  8:05  Marauder, SCV  
  44  8:06  Terran Infantry Armor Level 1  
  44  8:10  Refinery  
  44  8:11  Marine  
  44  8:12  SCV  
  46  8:17  SCV  
  47  8:24  SCV  
  47  8:26  Marauder  
  49  8:27  Raven  
  49  8:29  Marine, SCV  
  53  8:36  SCV  
  55  8:41  SCV  
  55  8:43  Missile Turret  
  55  8:47  Marine x2  
  55  8:48  SCV  
  58  8:53  SCV  
  58  8:55  Missile Turret  
  59  9:00  SCV  
  60  9:04  Marine  
  60  9:05  Marine, SCV  
  60  9:07  Missile Turret  
  63  9:12  SCV  
  63  9:15  Missile Turret  
  64  9:17  SCV  
  64  9:23  Marauder x2  
  69  9:24  SCV  
  69  9:25  Bunker  
  69  9:30  Supply Depot, SCV  
  71  9:36  SCV  
  72  9:40  Bunker  
  72  9:42  SCV  
  72  9:44  Marauder, Marine  
  76  9:49  SCV  
  76  9:50  Sensor Tower  
  77  9:56  Armory  
  77  10:02  Barracks, Marine  
  77  10:06  Marauder  
  77  10:20  Marine  
  74  10:26  Marine  
  68  10:29  Siege Tank  
  70  10:36  Factory  
  70  10:38  Marine  
  71  10:44  Reaper  
  71  10:45  Command Center, Starport  
  71  10:49  Marine  
  73  10:55  Marine  
  74  11:02  Siege Tank  
  77  11:09  Supply Depot, Widow Mine  
  77  11:10  Barracks Reactor  
  79  11:15  Marine  
  80  11:19  Factory Tech Lab  
  80  11:21  Medivac  
  80  11:22  Starport Reactor, Marine  
  83  11:29  Medivac  
  85  11:33  Marauder  
  85  11:36  Supply Depot  
  87  11:40  Marine  
  87  11:42  Siege Tank  
  91  11:48  Marine  
  91  11:51  Raven  
  94  11:54  Thor  
  94  11:59  Medivac  
  102  12:01  Siege Tank  
  105  12:13  Thor  
  110  12:17  Supply Depot  
  110  12:24  SCV  
  110  12:26  SCV  
  110  12:27  SCV  
  113  12:33  Siege Tank  
  113  12:34  Terran Infantry Weapons Level 2  
  113  12:36  SCV  
  117  12:38  Widow Mine  
  117  12:39  SCV  
  117  12:41  Supply Depot, SCV  
  121  12:48  SCV  
  122  12:52  SCV  
  122  12:53  SCV  
  122  12:54  Terran Vehicle Weapons Level 1  
  122  12:56  Thor  
  130  13:00  SCV  
  130  13:04  SCV  
  132  13:07  Supply Depot, SCV  
  132  13:12  SCV  
  134  13:13  Missile Turret  
  134  13:16  Missile Turret, SCV  
  134  13:19  SCV  
  136  13:23  Fusion Core  
  135  13:27  SCV  
  135  13:29  Engineering Bay  
  136  13:36  Armory  
  136  13:42  Bunker  
  136  13:46  Supply Depot  
  136  13:52  Refinery  
  136  13:54  Refinery, Terran Infantry Armor Level 2  
  136  14:15  SCV  
  136  14:16  Marauder  
  138  14:18  Marauder  
  138  14:20  Viking, Supply Depot  
  138  14:22  Marine  
  138  14:23  Terran Ship Weapons Level 1  
  143  14:24  Marine  
  144  14:34  Raven  
  144  14:37  Marine  
  145  14:39  Command Center  
  145  14:40  Marauder, Marine  
  145  14:42  Marine  
  148  14:48  Supply Depot  
  148  14:54  Terran Vehicle And Ship Armor Level 1  
  148  14:55  Marauder  
  148  14:58  Marine  
  151  15:00  Marine x2  
  151  15:01  Terran Infantry Weapons Level 3  
  152  15:09  Viking  
  152  15:12  Supply Depot, Widow Mine  
  158  15:14  Widow Mine  
  158  15:17  Marauder  
  158  15:18  Ghost  
  161  15:23  Marine  
  162  15:36  Supply Depot  
  162  15:38  Marauder  
  163  15:48  Marauder  
  165  15:52  SCV x2  
  165  15:55  Refinery  
  167  15:59  Marauder  
  169  16:05  Refinery  
  169  16:09  Marauder  
  171  16:11  Missile Turret  
  171  16:13  Terran Infantry Armor Level 3  
  171  16:15  Missile Turret  
  171  16:17  Terran Vehicle Weapons Level 2  
  171  16:21  Marauder  
  173  16:37  Bunker  
  173  16:39  Drilling Claws  
  173  16:48  Terran Ship Weapons Level 2  
  173  17:08  Rapid Reignition System  
  173  17:17  SCV  
  173  17:38  Marine, Hi-Sec Auto Tracking  
  173  17:40  Marine  
  173  17:42  Marine  
  158  17:45  Marine  
  158  17:46  Medivac  
  158  17:47  Siege Tank  
  158  17:51  Widow Mine  
  149  17:56  Marauder  
  147  17:59  Marauder  
  147  18:00  Marine  
  147  18:01  Siege Tank  
  147  18:03  Marine  
  149  18:13  Widow Mine  
  149  18:17  Marauder  
  149  18:18  Marine  
  149  18:19  Marine  
  154  18:21  Marine  
  156  18:36  Marine  
  156  18:37  Marine  
  156  18:38  Marine  
  156  18:39  Marauder  
  159  18:54  Marine  
  159  18:55  Marine  
  161  18:56  Marine  
  161  19:00  Marine  
  163  19:12  Marine  
  163  19:13  Marine  
  163  19:14  Marine  
  158  19:17  Marine  
  151  19:26  Neosteel Armor  
  151  19:27  Terran Vehicle Weapons Level 3, Neosteel Frame  
  151  19:28  Terran Vehicle And Ship Armor Level 2  
  151  19:29  Marine  
  151  19:31  Marine  
  147  19:34  Marine  
  147  19:35  Marine  
  140  19:47  Marine  
  140  19:48  Marine  
  140  19:52  Marine  
  142  19:53  Marine  
  144  20:05  Marine  
  144  20:06  Ghost  
  146  20:10  Marine  
  147  21:40  Marine x2  
  147  21:42  Marine  
  147  21:43  Marine  
  147  21:44  Terran Ship Weapons Level 3  
  134  21:58  Ghost, Marine  
  134  22:00  Marine x2  
  139  22:16  Marine  
  139  22:18  Marine x2  
  142  22:26  Marine  
  143  22:32  Terran Vehicle And Ship Armor Level 3  
  143  22:34  Marine  
  143  22:36  Marine x2  
  146  22:44  Marine  
  144  23:56  Marine  
  142  24:08  Liberator  
  142  24:20  Liberator  
  142  24:22  Cyclone  
  145  24:29  Siege Tank  
  151  24:33  Cyclone  
  151  24:37  Advanced Ballistics  
  157  24:45  Ghost  
  155  24:54  Thor  
  161  25:03  Siege Tank  
  161  25:13  Siege Tank  
  154  25:22  Ghost  
  144  25:32  Marine  
  141  25:36  Marine  
  141  25:40  Marine  
  139  25:50  Marine  
  140  26:06  Command Center  
  139  27:17  Marine  
  139  27:20  Ghost  
  125  27:24  Marine  
  125  27:26  Liberator  
  125  27:28  Marine  
  113  27:32  Cyclone  
  113  27:34  Liberator  
  113  27:35  Marine  
  113  27:39  Cyclone  
  119  27:47  Siege Tank  
  119  27:55  Marine  
  118  27:58  Marine  
  118  28:01  Missile Turret  
  118  28:04  Thor  
  118  28:05  Marine  
  126  28:06  Missile Turret  
  126  28:12  Widow Mine  
  112  28:13  Marine, Refinery  
  112  28:16  Marine, Missile Turret  
  112  28:19  Marine  
  106  28:23  Marine  
  107  28:28  Thor  
  107  28:29  Bunker  
  107  28:31  Marine  
  107  28:33  Siege Tank  
  117  28:36  Ghost  
  119  28:46  Thor  
  125  28:49  Command Center  
  124  29:05  Thor  
  130  29:11  Siege Tank  
  133  29:30  Widow Mine  
  135  29:43  Siege Tank  
  138  29:48  Widow Mine  
  138  29:51  Siege Tank  
  143  30:09  Siege Tank  
  143  30:11  Refinery  
  143  30:12  Missile Turret  
  143  30:13  Missile Turret  
  146  30:16  Widow Mine  
  146  30:17  Refinery  
  148  30:36  Bunker  
  148  31:21  Marauder x2, Marine x2  
  154  31:38  Marine  
  154  31:39  Marine  
  156  31:42  Marauder x2  
  158  31:51  Cyclone  
  142  31:56  Marine  
  142  31:57  Marine  
  136  32:03  Marauder, Marine  
  139  32:14  Marine  
  139  32:15  Marine  
  141  32:21  Marine  
  142  32:24  Marine  
  143  32:32  Marine x2  
  139  32:39  Marine  
  139  32:42  Marine  
  139  32:50  Marine x2  
  141  32:57  Marauder  
  138  33:00  Marauder  
  137  33:07  Marine  
  137  33:08  Marine  
  124  33:44  Marine  
  124  33:56  Marine  
  124  34:16  Widow Mine  
  126  34:19  Widow Mine  
  126  34:21  Ghost  
  130  34:24  Siege Tank  
  133  34:37  Widow Mine  
  135  34:40  Widow Mine  
  137  34:56  Thor  
  143  37:42  Marine  
  143  37:43  Marine x3  
  146  38:01  Marauder x2, Marine x2  
Show
View Real Time Build Order
Export as new Build Order

IA (Más difícil) Protoss 

Build Orders: 1 Gate Expand 

Get SALT Encoding   

  12  0:01  Probe  
  13  0:13  Probe  
  14  0:21  Pylon  
  14  0:25  Probe  
  15  0:35  Probe  
  16  0:43  Probe  
  17  0:50  Gateway  
  17  1:11  Probe  
  17  1:15  Nexus  
  18  1:29  Pylon  
  18  1:31  Assimilator  
  18  1:38  Zealot  
  20  1:43  Probe, Cybernetics Core  
  21  1:54  Probe  
  22  2:02  Probe  
  23  2:09  Gateway  
  23  2:11  Probe  
  23  2:13  Stalker  
  24  2:16  Assimilator  
  26  2:28  Probe  
  26  2:29  Pylon  
  27  2:37  Adept  
  27  2:43  Probe  
  30  2:59  Robotics Facility  
  30  3:18  Assimilator  
  30  3:19  Probe  
  31  3:22  Probe  
  32  3:27  Probe  
  32  3:31  Warp Gate  
  33  3:35  Probe  
  33  3:36  Probe  
  35  3:47  Probe  
  40  3:48  Immortal  
  40  3:50  Gateway  
  40  3:54  Stalker  
  40  3:57  Probe  
  42  4:20  Sentry  
  42  4:21  Probe  
  45  4:24  Pylon  
  45  4:25  Probe  
  46  4:33  Probe  
  46  4:35  Forge  
  46  4:36  Immortal  
  51  4:43  Probe  
  51  4:44  Protoss Ground Weapons Level 1  
  51  4:45  Probe  
  53  4:55  Probe  
  53  4:57  Probe  
  55  5:03  Pylon  
  55  5:06  Zealot  
  57  5:07  Probe  
  57  5:09  Probe  
  59  5:19  Probe  
  60  5:21  Probe  
  60  5:22  Zealot  
  63  5:31  Pylon, Probe  
  63  5:34  Probe  
  65  5:37  Stalker  
  65  5:39  Probe  
  67  5:48  Probe  
  67  5:49  Probe  
  69  5:53  Stalker  
  69  5:56  Pylon  
  72  6:00  Probe  
  72  6:01  Probe  
  74  6:09  Stalker  
  76  6:14  Probe x2  
  78  6:21  Protoss Ground Armor Level 1  
  78  6:22  Pylon  
  78  6:25  Sentry  
  80  6:31  Immortal, Assimilator  
  80  6:38  Photon Cannon  
  80  6:43  Pylon  
  84  6:47  Photon Cannon  
  84  6:50  Pylon  
  84  6:53  Pylon, Probe  
  85  7:00  Immortal, Stargate  
  85  7:02  Twilight Council  
  85  7:08  Forge  
  85  7:14  Photon Cannon  
  89  7:18  Photon Cannon  
  89  7:38  Photon Cannon  
  89  7:40  Observer  
  90  7:45  Oracle  
  93  8:01  Immortal  
  97  8:36  Observer  
  97  8:48  Protoss Ground Weapons Level 2  
  97  9:08  Void Ray, Warp Prism  
  103  9:11  Gateway  
  103  9:14  Robotics Facility  
  102  9:17  Stargate  
  102  9:23  Pylon, Nexus  
  102  9:24  Robotics Bay  
  102  9:26  Protoss Ground Armor Level 2  
  102  9:34  Warp Prism  
  101  9:46  Pylon  
  101  9:51  Void Ray  
  103  9:54  Void Ray  
  101  10:01  Fleet Beacon, Observer  
  101  10:02  Gateway  
  101  10:06  Warp Prism  
  104  10:09  Pylon  
  98  10:23  Observer  
  99  10:32  Stargate  
  99  10:33  Stalker  
  101  10:36  Probe  
  101  10:37  Probe x2  
  101  10:42  Sentry, Observer  
  106  10:49  Void Ray, Assimilator, Probe x2  
  108  10:50  Probe  
  108  10:52  Pylon  
  108  10:54  Assimilator  
  109  11:01  Stalker, Probe x2  
  113  11:08  Pylon  
  113  11:10  Sentry  
  115  11:13  Probe  
  115  11:18  Probe, Protoss Shields Level 1  
  117  11:19  Colossus  
  123  11:28  Colossus  
  123  11:29  Photon Cannon  
  123  11:32  Photon Cannon  
  129  11:38  Gravitic Boosters  
  135  11:46  Carrier  
  135  12:01  Protoss Air Weapons Level 1  
  135  12:25  Gravitic Drive  
  135  12:27  Templar Archives  
  135  12:36  Dark Shrine  
  135  12:38  Nexus  
  135  12:59  Sentry  
  135  13:04  High Templar  
  139  13:10  Zealot  
  139  13:11  Protoss Shields Level 2  
  141  13:15  Stalker  
  135  13:20  Stalker  
  135  13:25  Stalker  
  131  13:30  Sentry  
  127  13:36  Sentry  
  129  13:41  Sentry  
  129  13:46  Zealot  
  129  13:47  Tempest  
  129  13:52  Void Ray  
  133  13:59  Oracle  
  133  14:00  Assimilator  
  133  14:02  Sentry  
  144  14:03  Pylon  
  144  14:06  Pylon  
  144  14:07  Sentry  
  144  14:09  Assimilator, Blink  
  146  14:13  High Templar  
  142  14:18  Zealot  
  142  14:19  Protoss Air Armor Level 1  
  142  14:23  Stalker  
  142  14:28  Stalker  
  142  14:30  Photon Cannon  
  144  14:33  Photon Cannon  
  144  14:34  Psionic Storm, Archon, High Templar  
  146  14:40  Zealot  
  148  14:46  High Templar  
  150  14:57  High Templar, Archon  
  144  15:03  Stalker  
  144  15:06  Protoss Ground Armor Level 3  
  130  15:08  High Templar  
  132  15:14  Void Ray  
  132  15:15  Protoss Ground Weapons Level 3  
  132  15:20  Archon  
  136  15:21  High Templar  
  138  15:28  High Templar  
  138  15:31  Colossus  
  146  16:21  Graviton Catapult  
  146  16:28  Protoss Air Weapons Level 2  
  146  16:33  Observer  
  146  16:48  Colossus  
  146  16:50  Colossus  
  146  16:57  Oracle  
  146  17:00  Stalker  
  148  17:04  Stalker  
  138  17:08  Stalker  
  138  17:13  Adept  
  134  17:17  Stalker  
  130  17:22  Stalker  
  130  17:25  Void Ray  
  134  17:31  Stalker  
  134  17:36  Adept  
  132  17:41  Stalker, Probe  
  132  17:42  Probe  
  132  17:43  Observer  
  116  17:45  Stalker  
  116  17:48  Probe  
  116  17:49  Probe  
  116  17:50  Zealot  
  104  17:53  Probe  
  104  17:54  Stalker, Probe  
  104  17:55  Photon Cannon  
  85  17:58  Void Ray  
  85  17:59  Stalker  
  85  18:00  Probe  
  85  18:01  Probe  
  85  18:03  Zealot  
  85  18:04  Observer  
  83  18:06  Probe  
  83  18:07  Probe  
  83  18:12  Stalker, Photon Cannon  
  83  18:16  Zealot  
  77  18:21  Zealot  
  77  18:24  Probe x2  
  77  18:25  Adept  
  77  18:26  Probe  
  80  18:28  Void Ray  
  80  18:30  Stalker  
  65  18:35  Zealot  
  65  18:36  Probe x2  
  65  18:38  Probe  
  60  18:42  Stalker  
  60  18:47  Sentry  
  55  18:48  Probe  
  55  18:50  Void Ray, Probe  
  55  18:55  Stalker  
  63  18:57  Photon Cannon  
  63  18:59  Zealot  
  63  19:00  Probe  
  63  19:02  Probe  
  59  19:04  Dark Templar  
  59  19:08  Zealot  
  63  19:12  Probe  
  63  19:13  Nexus, Zealot  
  63  19:14  Probe  
  60  19:20  Assimilator  
  60  19:22  Stalker  
  55  19:24  Probe  
  55  19:25  Assimilator  
  55  19:26  Stalker, Probe  
  55  19:29  Stalker  
  53  19:33  Stalker  
  53  19:37  Stalker  
  51  19:43  Nexus  
  51  19:44  Probe  
  51  19:45  Dark Templar  
  47  19:47  Probe  
  47  19:49  Dark Templar  
  47  19:52  Stalker  
  43  19:54  Photon Cannon  
  43  19:55  Stalker  
  44  20:00  Probe  
  44  20:01  Zealot  
  44  20:07  Archon  
  47  20:11  Stalker  
  47  20:14  Probe  
  45  20:15  Zealot  
  45  20:20  Assimilator, Zealot  
  43  20:24  Zealot  
  43  20:25  Zealot  
  43  20:28  Probe  
  43  20:32  Zealot  
  43  20:34  Zealot  
  39  20:35  Zealot  
  36  20:44  Zealot  
  36  20:45  Zealot  
  39  20:55  Zealot  
  40  21:01  Zealot  
  42  21:08  Gateway  
  24  21:43  Probe  
  13  22:04  Nexus  
  3  22:18  Pylon  
    23:12  Probe  
  1  23:20  Probe  
  2  23:31  Probe  
  3  23:40  Nexus  
  2  23:43  Probe  
  2  23:55  Probe  
Show
View Real Time Build Order
Export as new Build Order

IA (Más difícil) Protoss 

Build Orders:  

Get SALT Encoding   

  12  0:01  Probe  
  13  0:13  Probe  
  14  0:20  Pylon  
  14  0:25  Probe  
  15  0:34  Probe  
  15  0:42  Probe  
  16  0:48  Assimilator  
  17  0:50  Gateway  
  17  0:51  Probe  
  18  0:59  Probe  
  18  1:02  Pylon  
  19  1:23  Probe  
  20  1:38  Zealot  
  20  1:42  Cybernetics Core  
  20  1:44  Gateway  
  20  1:46  Assimilator  
  22  2:02  Pylon  
  22  2:16  Adept  
  24  2:31  Stalker  
  26  2:39  Warp Gate  
  26  2:42  Pylon  
  26  2:43  Zealot  
  28  2:58  Adept  
  28  3:03  Stalker  
  32  3:20  Pylon  
  32  3:25  Adept  
  32  3:33  Stalker  
  36  3:41  Probe  
  37  3:51  Zealot  
  37  3:53  Probe  
  38  4:00  Adept, Pylon  
  40  4:05  Probe  
  43  4:12  Stalker  
  43  4:14  Forge  
  43  4:17  Probe  
  46  4:29  Probe  
  47  4:38  Adept  
  47  4:41  Probe  
  50  4:50  Adept  
  52  4:54  Probe  
  52  5:24  Protoss Ground Weapons Level 1  
  52  5:25  Probe  
  52  5:49  Sentry  
  54  5:52  Gateway  
  54  5:55  Photon Cannon  
  54  5:56  Stalker  
  56  5:57  Pylon  
  56  6:02  Nexus  
  56  6:12  Stalker  
  56  6:13  Twilight Council  
  54  6:19  Stalker  
  36  6:35  Adept  
  36  6:41  Blink  
  36  6:42  Zealot  
  38  6:49  Stalker  
  40  6:56  Stalker  
  41  7:04  Stalker  
  43  7:12  Stalker  
  43  7:14  Probe  
  43  7:15  Probe  
  47  7:18  Protoss Ground Armor Level 1  
  47  7:20  Stalker  
  49  7:26  Probe  
  49  7:27  Probe, Zealot  
  53  7:36  Stalker  
  55  7:38  Probe  
  55  7:41  Probe  
  55  7:43  Sentry  
  59  7:50  Sentry, Probe  
  62  7:53  Probe  
  62  7:59  Adept  
  62  8:03  Probe  
  65  8:07  Robotics Facility  
  65  8:08  Probe  
  66  8:15  Probe  
  66  8:16  Probe  
  67  8:24  Photon Cannon, Probe  
  68  8:27  Probe  
  68  8:33  Probe  
  68  8:34  Pylon  
  70  8:39  Probe  
  72  8:41  Pylon  
  72  8:46  Stargate  
  72  8:55  Forge, Probe, Observer  
  73  9:02  Photon Cannon  
  73  9:06  Photon Cannon  
  73  9:10  Observer  
  74  9:27  Assimilator  
  74  9:32  Assimilator  
  74  9:48  Warp Prism  
  74  9:49  Probe  
  77  9:55  Gateway  
  77  9:58  Robotics Facility  
  77  10:02  Nexus, Stargate  
  77  10:05  Templar Archives  
  77  10:12  Warp Prism  
  71  10:23  Zealot  
  48  10:35  Robotics Bay  
  48  10:43  High Templar  
  48  10:44  Warp Prism  
  52  10:50  Gateway  
  52  10:52  High Templar  
  54  11:03  Zealot  
  56  11:08  Observer  
  56  11:09  Stargate  
  57  11:14  Stalker  
  59  11:20  Disruptor  
  59  11:22  Observer  
  60  11:28  Archon  
  60  11:31  Assimilator  
  63  11:34  Stalker, Assimilator  
  63  11:42  Zealot  
  61  11:51  Sentry  
  59  11:57  Observer  
  59  11:59  Zealot  
  59  12:07  Void Ray  
  55  12:08  Stalker  
  57  12:23  Stalker  
  57  12:24  Stalker x3  
  57  12:25  Stalker  
  61  12:30  Stalker  
  62  12:40  Zealot  
  60  12:46  Stalker  
  57  12:55  High Templar  
  59  13:03  High Templar  
  57  13:12  Stalker, Zealot  
  51  13:16  Probe  
  51  13:18  Probe  
  55  13:21  Sentry  
  57  13:30  Zealot  
  57  13:31  Nexus  
  57  13:34  Stalker  
  61  13:36  Zealot  
  61  13:38  Archon  
  61  13:39  High Templar  
  65  13:44  High Templar  
  65  13:45  Assimilator  
  65  13:47  Stalker  
  69  13:52  Stalker  
  71  13:57  Adept  
  73  14:07  Probe x2  
  75  14:12  Zealot  
  75  14:14  Sentry  
  72  14:19  Probe  
  72  14:23  Void Ray  
  73  14:32  Zealot  
  73  14:35  Pylon  
  73  14:37  Zealot  
  67  14:42  Stalker  
  56  14:48  Stalker  
  51  15:12  Stalker  
  44  15:17  Stalker  
  39  15:23  Stalker  
  28  15:29  Stalker  
  27  15:41  Stalker  
  17  16:59  Nexus  
  17  17:03  Pylon  
  17  17:07  Pylon  
  17  17:17  Nexus  
  17  17:34  Assimilator, Nexus  
  17  17:36  Gateway  
  17  17:47  Assimilator  
  17  17:48  Pylon  
  17  17:53  Probe  
  18  18:01  Probe  
  18  18:11  Probe  
  20  18:29  Cybernetics Core  
  20  18:30  Zealot  
  22  18:41  Probe  
  23  18:48  Probe  
  23  18:49  Probe  
  25  18:58  Probe  
  25  19:01  Probe  
  27  19:05  Probe  
  27  19:07  Stalker  
  27  19:09  Probe  
  31  19:12  Probe  
  32  19:17  Probe  
  32  19:20  Probe  
  32  19:23  Probe  
  35  19:26  Probe  
  35  19:27  Probe  
  35  19:28  Probe  
  36  19:35  Probe  
  36  19:38  Probe  
  37  19:39  Probe  
  37  19:40  Probe  
  37  19:44  Probe  
  41  19:50  Probe  
  43  19:58  Gateway  
  43  20:06  Robotics Facility  
  43  20:13  Stargate  
  43  20:16  Zealot  
  45  20:29  Stalker  
  47  20:45  Stalker  
  49  20:52  Gateway, Sentry  
  49  20:56  Observer  
  52  20:59  Robotics Facility  
  52  21:00  Adept  
  52  21:03  Stargate  
  54  21:11  Observer  
  54  21:17  Robotics Bay  
  54  21:19  Immortal  
  58  21:38  Fleet Beacon  
  58  21:51  Gateway  
  58  21:53  Warp Prism  
  57  21:55  Stargate  
  57  22:00  Colossus  
  65  22:17  Warp Prism  
  65  22:22  Tempest  
  71  22:28  Pylon  
  73  22:32  Forge  
  73  22:44  Gateway  
  73  22:48  Observer  
  73  22:49  Warp Prism, Zealot  
  75  22:54  Zealot  
  80  22:59  Stalker  
  82  23:06  Stalker  
  82  23:08  Pylon  
  82  23:10  Photon Cannon  
  82  23:12  Stalker  
  86  23:14  Photon Cannon  
  86  23:17  Sentry  
  88  23:23  Adept  
  90  23:31  Pylon  
  90  23:33  Disruptor  
  90  23:36  Twilight Council  
  93  23:53  Zealot  
  71  23:59  Sentry  
  54  24:04  Observer  
  54  24:05  Stalker  
  57  24:11  Immortal  
  57  24:17  Zealot  
  63  24:18  Templar Archives  
  63  24:22  Stalker  
  65  24:28  Sentry  
  67  24:34  Immortal  
  67  24:37  Immortal  
  75  24:55  High Templar  
  77  25:01  High Templar  
  77  25:05  Probe  
  80  25:07  High Templar  
  80  25:10  Assimilator  
  80  25:11  Assimilator  
  80  25:13  High Templar  
  80  25:14  Probe  
  85  25:15  Probe  
  85  25:17  Probe  
  93  25:24  Probe  
  93  25:25  Archon, Disruptor  
  93  25:27  Pylon  
  96  25:29  Observer  
  96  25:30  Probe  
  96  25:32  Probe  
  96  25:33  Probe  
  100  25:36  Probe  
  100  25:41  Carrier  
  101  25:43  High Templar  
  101  25:44  Probe  
  101  25:45  Probe  
  101  25:46  Assimilator  
  101  25:48  Pylon, Probe  
  101  25:49  Archon  
  106  25:55  High Templar  
  106  25:56  Probe  
  109  25:59  Protoss Ground Weapons Level 2  
  109  26:04  Probe x2  
  109  26:07  Probe, High Templar  
  109  26:08  Probe  
  115  26:16  Pylon, Probe  
  115  26:19  Probe  
  115  26:20  Probe x2, High Templar  
  120  26:26  Probe  
  120  26:31  Oracle  
  124  26:43  Pylon  
  124  26:55  Void Ray  
  128  27:10  Pylon  
  128  27:11  Void Ray  
  105  27:40  Stargate  
  105  27:47  Void Ray  
  109  27:58  Nexus  
  109  28:01  Void Ray  
  97  28:18  Phoenix  
  90  28:20  Probe x2, Observer  
  90  28:22  Observer  
  80  28:39  Stargate  
  80  28:58  Observer  
  86  29:07  Carrier  
  86  29:08  Probe  
  87  29:12  Probe x4  
  87  29:16  Void Ray  
  96  29:20  Void Ray  
  100  29:44  Void Ray, Assimilator  
  104  29:49  Assimilator  
  104  29:54  Observer  
  104  30:04  Probe  
  104  30:06  Void Ray, Probe  
  110  30:07  Phoenix  
  110  30:11  Probe  
  113  30:27  Zealot  
  115  30:31  Stalker, Pylon  
  117  30:36  Zealot  
  117  30:40  Zealot  
  120  30:44  Zealot  
  120  30:48  Disruptor  
  124  30:53  Stalker  
  125  30:57  Stalker  
  125  31:01  Disruptor  
  125  31:02  Sentry  
  129  31:06  Adept  
  132  31:15  Tempest  
  138  31:19  Stalker  
  138  31:23  Stalker  
  142  31:28  Stalker  
  142  31:32  Sentry  
  146  31:37  Adept  
  148  31:41  Disruptor  
  148  31:45  Pylon, Disruptor  
  152  31:50  Stalker  
  152  31:52  Pylon  
  113  31:54  Zealot  
  113  31:56  Pylon  
  113  31:58  Zealot  
  76  32:03  Void Ray, Zealot  
  76  32:07  Zealot  
  80  32:12  Stalker  
  80  32:13  Pylon  
  80  32:14  Probe x2  
  72  32:17  Observer  
  72  32:18  Adept  
  72  32:22  Stalker  
  70  32:23  Stalker  
  70  32:26  Probe x3  
  72  32:31  Stalker  
  72  32:32  Zealot  
  57  32:38  Probe x3, Zealot  
  36  32:45  Zealot  
  36  32:46  Zealot  
  36  32:47  Probe  
  36  32:48  Stalker  
  36  32:50  Probe  
  38  32:52  Zealot  
  40  32:59  Stalker  
  35  33:05  Stalker  
  35  33:07  Zealot  
  35  33:09  Probe, Nexus  
  35  33:11  Zealot  
  31  33:22  Stalker  
  19  34:08  Stalker  
  19  34:47  Nexus  
  13  36:38  Probe  
  8  36:40  Probe  
  6  37:18  Probe  
  4  37:30  Probe  
Tags
 
Add a new tag
Caveats
  • Supply blocks, unpowered buildings, or Contaminate may cause inaccurate times.
  • Supply counts are checked every 10 seconds.